 Dungeon Crawl Stone Soup version 0.30-a0-170-g85af917532 (webtiles) character file.

Game seed: 1496888178130424135

401 Decritt the Trooper (level 7, 0/53 HPs)
             Began as a Djinni Hedge Wizard on Oct 1, 2022.
             Slain by a bullfrog (7 damage)
             ... on level 4 of the Dungeon.
             The game lasted 00:15:09 (6856 turns).

Decritt the Trooper (Djinni Hedge Wizard)           Turns: 6856, Time: 00:15:10

Health: 0/53       AC:  2    Str:  9    XL:     7   Next: 11%
Gold:   215        EV: 12    Int: 18    God:
                   SH:  0    Dex: 18

rFire   + . .      SeeInvis .    w - +11 spear of the Cursing Gods {vorpal, rElec rN+}
rCold   . . .      Faith    .    (no shield)
rNeg    + . .      Spirit   .    b - +0 robe
rPois   ∞          Reflect  .    c - +0 hat
rElec   +          Harm     .    (no cloak)
rCorr   .          Rampage  .    (no gloves)
Will    .....                    (boots unavailable)
Stlth   ++........               g - amulet of the acrobat
HPRegen 0.17/turn                j - +6 ring of dexterity
MPRegen 0.00/turn                t - ring of ice

@: flying, very slightly contaminated
A: sickness immunity, fire resistance 2, cold vulnerability 1, float, innate
caster, HP casting, extra vitality 1
a: no special abilities


You were on level 4 of the Dungeon.
You visited 1 branch of the dungeon, and saw 4 of its levels.

You collected 327 gold pieces.
You spent 112 gold pieces at shops.

Inventory:

Hand Weapons
 a - a +0 spectral dagger
 w - the +11 spear of the Cursing Gods (weapon) {vorpal, rElec rN+}
   (You found it on level 4 of the Dungeon)

   It inflicts extra damage upon your enemies.
   rElec:     It insulates you from electricity.
   rN:        It protects you from negative energy.
Armour
 b - a +0 robe (worn)
 c - a +0 hat (worn)
 m - +0 swamp dragon scales
Magical Staves
 d - a staff of cold
 k - a staff of poison
 n - a staff of death
Jewellery
 g - an amulet of the acrobat (around neck)
 j - a +6 ring of dexterity (left hand)
 l - a ring of positive energy
 t - a ring of ice (right hand)
Wands
 s - a wand of flame (11)
Scrolls
 o - 2 scrolls of enchant weapon {unknown}
 p - a scroll of blinking {unknown}
 q - a scroll of butterflies
 x - a scroll of noise {unknown}
Potions
 e - 5 potions of heal wounds
 f - 2 potions of curing
 h - a potion of resistance
 i - a potion of mutation
 r - a potion of haste {unknown}
 u - a potion of might {unknown}
 v - a potion of invisibility {unknown}


   Skills:
 + Level 4.7 Fighting
 - Level 2.1 Dodging
 - Level 1.5 Stealth
 + Level 4.3 Spellcasting


You couldn't memorise any spells.
You knew the following spells:

 Your Spells              Type           Power      Damage    Failure   Level
a - Shock                 Conj/Air       76%        1d7       2%          1
b - Slow                  Hex            76%        N/A       2%          1
c - Mephitic Cloud        Conj/Pois/Air  19%        N/A       8%          3
d - Call Imp              Summ           19%        N/A       3%          2
e - Blink                 Tloc           38%        N/A       3%          2
f - Cigotuvi's Dreadful   Necr/Pois/Air  38%        N/A       3%          2
g - Magic Dart            Conj           76%        1d6       2%          1
h - Static Discharge      Conj/Air       38%        2-4/arc   3%          2
s - Swiftness             Air            19%        N/A       8%          3
Your spell library was empty.

Dungeon Overview and Level Annotations

Branches:
Dungeon (4/15)
 Temple: D:4-7

Altars:
Qazlal

Shops:
D:1 ?

Annotations:
D:4 exclusion: statue


Innate Abilities, Weirdness & Mutations

You are immune to sickness and miasma.
You are immune to poison.
Your flesh is very heat resistant. (rF++)
You are vulnerable to cold. (rC-)
You float through the air rather than walking.
You learn spells naturally, not from books.
Your magical power is your life essence.
You have superior vitality. (+4 MHP)


Message History

The puff of flame hits you. You resist.
* * * LOW HITPOINT WARNING * * *
The zap hits the charred statue.
The charred statue completely resists.
The charred statue is almost destroyed.
* * * LOW HITPOINT WARNING * * *
The charred statue gestures at you. The puff of flame hits you. You resist.
* * * LOW HITPOINT WARNING * * *
Your magical contamination has completely faded away.
You start resting.
A bullfrog comes into view.
You miscast Shock.
You are very lightly contaminated with residual magic.
Nothing appears to happen.
* * * LOW HITPOINT WARNING * * *
The bullfrog gives a loud, deep croak!
Casting: Shock (safe; 2% risk of failure)
Confirm with . or Enter, or press ? or * to list all spells.
Aiming: Shock (safe; 2% risk of failure)
Press: ? - help, Shift-Dir - straight line, f/p - bullfrog
Aim: a bullfrog (64% to hit)
The zap hits the bullfrog.
The bullfrog is lightly wounded.
* * * LOW HITPOINT WARNING * * *
The bullfrog misses you.
Casting: Shock (safe; 2% risk of failure)
Confirm with . or Enter, or press ? or * to list all spells.
Aiming: Shock (safe; 2% risk of failure)
Press: ? - help, Shift-Dir - straight line, f/p - bullfrog
Aim: a bullfrog (lightly wounded, 64% to hit)
The zap hits the bullfrog!
The bullfrog is moderately wounded.
* * * LOW HITPOINT WARNING * * *
The bullfrog misses you.
You hit the bullfrog.
The bullfrog is heavily wounded.
The bullfrog hits you.
* * * LOW HITPOINT WARNING * * *
The bullfrog hits you!
You die...

.#...)...#..#.8.#.#+##...........
.#.......#..#...#....#..)........
.#....>..##)#._.#...[#>....##....
.#.......'..#...#....####'###....
.#.......#..#...#....#......#....
.#.......#..#...#....#...<..#....
.#.......#..##.##....#......#....
.#.......#...........#......#....
.#.......#......@...)'......+....
.#.......#..#####F.).#......#....
##.......####........#......#....
.....................+......#....
.....................#...........
.....................#.####''####
.....................###........#
.....................##..........
.........##'#.......##...........


You could see a bullfrog.

Vanquished Creatures
  A water moccasin (D:4)
  2 hounds
  2 orc priests (D:3)
  Natasha (twice) (D:2)
  2 adders
  A worm (D:2)
  5 dart slugs
  4 orcs
  3 ball pythons
  6 bats
  7 endoplasms
  3 giant cockroaches
  13 goblins
  3 hobgoblins
  12 jackals
  4 quokkas
  3 frilled lizards
  8 kobolds
  14 rats
95 creatures vanquished.

Notes
Turn   | Place    | Note
-------+----------+-------------------------------------------
     0 | D:1      | Decritt the Djinni Hedge Wizard began the quest for the
                  | Orb.
     0 | D:1      | Decritt set off with the following spells memorised: Magic
                  | Dart, Slow, Blink, Call Imp, Cigotuvi's Dreadful Rot,
                  | Mephitic Cloud.
     0 | D:1      | Reached XP level 1. HP: 15/15 MP: 0/0
   280 | D:1      | Reached skill level 1 in Fighting
   395 | D:1      | Reached XP level 2. HP: 17/22 MP: 0/0
   927 | D:1      | Found Foypyal's Magic Scroll Boutique.
   930 | D:1      | Reached XP level 3. HP: 26/28 MP: 0/0
   930 | D:1      | Learned a level 1 spell: Shock
   996 | D:1      | HP: 1/28 [dart slug/slug dart (2)]
  2267 | D:1      | Reached XP level 4. HP: 27/34 MP: 0/0
  3039 | D:2      | Noticed Natasha
  3044 | D:2      | Killed Natasha
  3469 | D:2      | Reached XP level 5. HP: 38/40 MP: 0/0
  3469 | D:2      | Learned a level 2 spell: Static Discharge
  3616 | D:2      | Noticed Natasha
  4937 | D:3      | Reached XP level 6. HP: 36/47 MP: 0/0
  5346 | D:1      | Bought a scroll of identify for 28 gold pieces
  5346 | D:1      | Bought a scroll of identify for 28 gold pieces
  5346 | D:1      | Bought a scroll of identify for 28 gold pieces
  5346 | D:1      | Bought a scroll of identify for 28 gold pieces
  5412 | D:2      | Killed Natasha
  5699 | D:4      | Noticed a water moccasin
  5716 | D:4      | Killed a water moccasin
  5717 | D:4      | Reached XP level 7. HP: 20/53 MP: 0/0
  5717 | D:4      | Learned a level 3 spell: Swiftness
  6498 | D:4      | Found a stormy altar of Qazlal.
  6698 | D:4      | Identified the +11 spear of the Cursing Gods {vorpal, rElec
                  | rN+}
  6856 | D:4      | Slain by a bullfrog

Illustrated notes

Levels and vault maps discovered:
D:1:      dpeg_arrival_subterranean_lakeside_camping, layout_loops_ring,
          serial_shops, nicolae_shop_hallway_plus, minmay_rat_gold_closets
D:2:      layout_loops_corners, kennysheep_crisscross, serial_park_tiny_pond,
          dk_noncrumbling_4, minmay_hexomino_u4, uniq_natasha
D:3:      layout_loops_ring, chequers_serial_rivers_micro_e
D:4:      kennysheep_big_flooded_room, layout_gridville, vehumet_statue,
          nicolae_qazlal_scattered_showers, minmay_fractal_squares_diagonal_5

Skill      XL: |  1  2  3  4  5  6 |
---------------+-------------------+-----
Fighting       | 1 2 3 4 |  4.7
Spellcasting   | 3 4 |  4.3
Dodging        | |  2.1
Stealth        | |  1.5

Action                   |  1- 3 |  4- 6 |  7- 9 || total
-------------------------+-------+-------+-------++-------
Melee: Dagger            |    11 |       |       ||    11
       Punch             |     1 |       |       ||     1
       Spear             |       |       |     1 ||     1
 Cast: Magic Dart        |    94 |    16 |     3 ||   113
       Blink             |     1 |       |       ||     1
       Shock             |       |   124 |    65 ||   189
       Slow              |       |    18 |     1 ||    19
  Use: Scroll            |       |     7 |       ||     7
Armor: Robe              |     8 |     4 |     1 ||    13
Dodge: Dodged            |    25 |    32 |    10 ||    67

Table legend: (Time is in decaauts)
 A = Elapsed time spent in this place.
 B = Non-inter-level travel time spent in this place.
 C = Inter-level travel time spent in this place.
 D = Time resting spent in this place.
 E = Time spent auto-exploring this place.
 F = Levels seen in this place.
 G = Mean time per level.
                   A        B        C        D        E       F      G
               +--------+--------+--------+--------+--------+-----+--------+
         Total |   6865 |   6634 |    231 |   2314 |   3575 |   4 | 1716.2 |
       Dungeon |   6865 |   6634 |    231 |   2314 |   3575 |   4 | 1716.2 |
               +--------+--------+--------+--------+--------+-----+--------+

Top non-repeatable levels by time:
     D:1: 2931 daAuts
     D:4: 1405 daAuts
     D:2: 1401 daAuts
     D:3: 1126 daAuts
